 Dungeon Crawl Stone Soup version 0.22-a0-3-g4fa69d9a97 (webtiles) character file.

0 Manul the Ducker (level 1, -11/11 HPs)
             Began as a Spriggan Abyssal Knight on Jan 1, 2018.
             Was a Follower of Lugonu.
             Mangled by a large abomination (17 damage)
             ... on level 1 of the Abyss.
             The game lasted 00:00:12 (107 turns).

Manul the Ducker (Spriggan Abyssal Knight)           Turns: 107, Time: 00:00:12

Health: -11/11     AC:  2    Str:  8    XL:     1   Next: 0%
Magic:  3/3        EV: 18    Int: 13    God:    Lugonu [*.....]
Gold:   31         SH:  0    Dex: 15    Spells: 0/0 levels left

rFire    . . .     SeeInvis +   a - +1 short sword
rCold    . . .     Gourm    .   (shield restricted)
rNeg     . . .     Faith    .   b - +0 robe
rPois    .         Spirit   .   (helmet restricted)
rElec    .         Reflect  .   (no cloak)
rCorr    .         Harm     .   (gloves unavailable)
MR       .....                  (boots unavailable)
Stlth    +.........             (no amulet)
HPRegen  0.03/turn              (no ring)
MPRegen  0.08/turn              (no ring)

@: very quick
A: very small, unfitting armour, see invisible, herbivore, speed 3, slow
metabolism 2
a: Depart the Abyss, Renounce Religion


You were on level 1 of the Abyss.
You worshipped Lugonu.
Lugonu was aware of your devotion.
You were not hungry.

You visited 0 branches of the dungeon, and saw 0 of its levels.
You visited the Abyss 1 time.

You collected 31 gold pieces.

Inventory:

Hand Weapons
 a - a +1 short sword (weapon)
Armour
 b - a +0 robe (worn)
Comestibles
 c - a ration


   Skills:
 + Level 2.4 Fighting
 + Level 2.1 Short Blades
 + Level 3.5 Dodging
 + Level 1.7 Invocations


You couldn't memorise any spells.
You didn't know any spells.

Dungeon Overview and Level Annotations

Branches:
Dungeon (0/15)

Altars:


Innate Abilities, Weirdness & Mutations

You are very small and have problems with some larger weapons.
You are too small for most types of armour.
You have supernaturally acute eyesight. (SInv)
You are a herbivore.
You cover ground extremely quickly.
You need consume almost no food.


Message History

You now have 22 gold pieces (gained 12).
You now have 31 gold pieces (gained 9).
A large abomination comes into view.
A tentacled starspawn comes into view.
Tentacles burst from the starspawn's body! 2 starspawn tentacles come into view.
The tentacled starspawn moves out of view.
A large abomination comes into view.
The large abomination moves out of view.
Found a corrupted altar of Lugonu.
A raiju comes into view.
The raiju barks!
The raiju pauses to sniff the ground.
You hit the large abomination but do no damage.
The large abomination barely misses you.
The large abomination hits you.
You completely miss the large abomination.
The large abomination hits you!
Ouch! That really hurt!
You die...

#.# #..#...# #.# ..
# #.#.. .## ####_# .
#... . .##.###....
#.## # # #.##
......#...###... .#
#...####...#....#..#
#. . # .#..
#...#.X.....##... .
#.#.##
.#..............##
##
.##..###X##...#....#
.. #. ..#.@X#.#..
...# #..
.#.####.h...#....##
.# . .#.#
###...##..#. # . # .
#...### .# ## . #
#..## .##. . ### #.
.#. . . # . # .


You could see a tentacled starspawn, 2 large abominations and a raiju.

Vanquished Creatures (others)
  2 starspawn tentacles (Abyss:1)
2 creatures vanquished.

Notes
Turn   | Place    | Note
-------+----------+-------------------------------------------
     0 | Abyss:1  | Manul the Spriggan Abyssal Knight began the quest for the Orb.
     0 | Abyss:1  | Reached XP level 1. HP: 11/11 MP: 3/3
    73 | Abyss:1  | Noticed a large abomination
    76 | Abyss:1  | Noticed a tentacled starspawn
    80 | Abyss:1  | Noticed a large abomination
    91 | Abyss:1  | Found a corrupted altar of Lugonu.
    94 | Abyss:1  | Noticed a raiju
   107 | Abyss:1  | Mangled by a large abomination

Vault maps used:

Action                   || total
-------------------------++-------
Melee: Short sword       ||     2
Dodge: Dodged            ||     1

Table legend:
 A = Spawn XP
 B = Non-spawn XP
 C = Spawn XP percentage of total XP
 D = Spawn monster count
 E = Non-spawn monster count
 F = Spawn count percentage of total count
 G = Total turns spent on level
                    A         B        C        D         E        F      G
               +---------+---------+-------+---------+---------+-------+---------
         Total |       0 |       0 |   N/A |       0 |       0 |   N/A |   107
               +---------+---------+-------+---------+---------+-------+---------
               +---------+---------+-------+---------+---------+-------+---------
